3L
ECHO PARK LAKERS @ MONTANA PANDAS
08/09/2042
 
TOP OF THE 1ST
Echo Park Lakers batting - Pitching for Montana Pandas : LHP Pavle Simic
Pitching: LHP Pavle Simic
Batting: RHB Tony Calhoun 0-0: Ball
1-0: Ground out 4-3 (Groundball, 4, EV 80.0 MPH)
Batting: RHB Silverberry Mouhon 0-0: Foul Ball, location: 2F
0-1: Ball
1-1: Ball
2-1: Foul Ball, location: 2F
2-2: Ball
3-2: Foul Ball, location: 2F
3-2: SINGLE (Groundball, 6, EV 110.6 MPH) (infield hit)
Batting: RHB Maema Njongmeta 0-0: Ball
1-0: Foul Ball, location: 2F
1-1: Grounds into double play, 4-6-3 (Groundball, 4, EV 85.0 MPH)
Top of the 1st over - 0 runs, 1 hit, 0 errors, 0 left on base; Echo Park 0 - Montana 0
BOTTOM OF THE 1ST
Montana Pandas batting - Pitching for Echo Park Lakers : RHP Karl Dandleton
Pitching: RHP Karl Dandleton
Batting: SHB Gerrie Bond 0-0: Ball
1-0: Called Strike
1-1: Ground out 6-3 (Groundball, 6, EV 77.5 MPH)
Batting: RHB Holden Ford 0-0: Ball
1-0: Foul Ball, location: 2F
1-1: Swinging Strike
1-2: Ball
2-2: SINGLE (Groundball, 4MD, EV 98.8 MPH)
Batting: LHB Dean Jackson 0-0: Swinging Strike
0-1: Ball
1-1: Ball
2-1: Fly out, F5 (Line Drive, 5, EV 71.9 MPH)
Batting: LHB Bharti Mona 0-0: Ball
1-0: Fly out, F7 (Flyball, 7S, EV 95.0 MPH)
Bottom of the 1st over - 0 runs, 1 hit, 0 errors, 1 left on base; Echo Park 0 - Montana 0
TOP OF THE 2ND
Echo Park Lakers batting - Pitching for Montana Pandas : LHP Pavle Simic
Batting: LHB Philip Todd 0-0: Ball
1-0: Ball
2-0: Ground out 6-3 (Groundball, 6M, EV 83.8 MPH)
Batting: RHB Joe Mueller 0-0: Called Strike
0-1: Ball
1-1: Ball
2-1: Ball
3-1: Foul Ball, location: 2F
3-2: Ground out 1-3 (Groundball, 23, EV 81.2 MPH)
Batting: LHB Joe Schreibvogel 0-0: Called Strike
0-1: Called Strike
0-2: Ball
1-2: Foul Ball, location: 2F
1-2: Strikes out swinging
Top of the 2nd over - 0 runs, 0 hits, 0 errors, 0 left on base; Echo Park 0 - Montana 0
BOTTOM OF THE 2ND
Montana Pandas batting - Pitching for Echo Park Lakers : RHP Karl Dandleton
Batting: RHB Tony Randolph 0-0: Fly out, F9 (Flyball, 9D, EV 98.8 MPH)
Batting: LHB Robbie Brendle 0-0: Called Strike
0-1: Fly out, F9 (Flyball, 89M, EV 90.0 MPH)
Batting: SHB Chris Piña 0-0: Ball
1-0: Called Strike
1-1: SINGLE (Groundball, 34D, EV 99.4 MPH)
Batting: LHB António Casas 0-0: Fly out, F9 (Flyball, 9D, EV 101.9 MPH)
Bottom of the 2nd over - 0 runs, 1 hit, 0 errors, 1 left on base; Echo Park 0 - Montana 0
TOP OF THE 3RD
Echo Park Lakers batting - Pitching for Montana Pandas : LHP Pavle Simic
Batting: RHB Carlos Hernández 0-0: Ball
1-0: Ground out 6-3 (Groundball, 56, EV 86.2 MPH)
Batting: LHB Jonathan Winston 0-0: Ball
1-0: Ball
2-0: Ball
3-0: Base on Balls
Batting: LHB Ben Bullock 0-0: SINGLE (Flyball, 78S, EV 83.1 MPH)
Jonathan Winston to second
Batting: RHB Tony Calhoun 0-0: Ball
1-0: Ball
2-0: Called Strike
2-1: Called Strike
2-2: Fly out, F9 (Flyball, 9LM, EV 85.6 MPH)
Batting: RHB Silverberry Mouhon 0-0: Called Strike
0-1: Swinging Strike
0-2: Ball
1-2: Strikes out swinging
Top of the 3rd over - 0 runs, 1 hit, 0 errors, 2 left on base; Echo Park 0 - Montana 0
BOTTOM OF THE 3RD
Montana Pandas batting - Pitching for Echo Park Lakers : RHP Karl Dandleton
Batting: RHB José Santos 0-0: Ball
1-0: Ground out 5-3 (Groundball, 56, EV 104.4 MPH)
Batting: SHB Gerrie Bond 0-0: Ball
1-0: Ball
2-0: Called Strike
2-1: Ball
3-1: Swinging Strike
3-2: Fly out, F8 (Flyball, 8RS, EV 79.4 MPH)
Batting: RHB Holden Ford 0-0: SINGLE (Groundball, 34D, EV 105.0 MPH)
Batting: LHB Dean Jackson 0-0: Foul Ball, location: 2F
0-1: Fly out, F9 (Flyball, 89D, EV 78.8 MPH)
Bottom of the 3rd over - 0 runs, 1 hit, 0 errors, 1 left on base; Echo Park 0 - Montana 0
TOP OF THE 4TH
Echo Park Lakers batting - Pitching for Montana Pandas : LHP Pavle Simic
Batting: RHB Maema Njongmeta 0-0: Called Strike
0-1: Ball
1-1: Swinging Strike
1-2: Foul Ball, location: 2F
1-2: Ground out 6-3 (Groundball, 6, EV 90.0 MPH)
Batting: LHB Philip Todd 0-0: Ball
1-0: Ball
2-0: Fly out, F9 (Flyball, 9, EV 85.6 MPH)
Batting: RHB Joe Mueller 0-0: Called Strike
0-1: DOUBLE (Groundball, 5L, EV 106.9 MPH)
Batting: LHB Joe Schreibvogel 0-0: Called Strike
0-1: Called Strike
0-2: Foul Ball, location: 2F
0-2: Foul Ball, location: 2F
0-2: Ball
1-2: Strikes out swinging
Top of the 4th over - 0 runs, 1 hit, 0 errors, 1 left on base; Echo Park 0 - Montana 0
BOTTOM OF THE 4TH
Montana Pandas batting - Pitching for Echo Park Lakers : RHP Karl Dandleton
Batting: LHB Bharti Mona 0-0: Foul Ball, location: 2F
0-1: Ball
1-1: Foul Ball, location: 2F
1-2: Ball
2-2: Foul Ball, location: 2F
2-2: Strikes out swinging
Batting: RHB Tony Randolph 0-0: Ball
1-0: Fly out, F7 (Flyball, 7LS, EV 83.8 MPH)
Batting: LHB Robbie Brendle 0-0: Ball
1-0: Ball
2-0: Fly out, F4 (Flyball, 3D, EV 93.1 MPH)
Bottom of the 4th over - 0 runs, 0 hits, 0 errors, 0 left on base; Echo Park 0 - Montana 0
TOP OF THE 5TH
Echo Park Lakers batting - Pitching for Montana Pandas : LHP Pavle Simic
Batting: RHB Carlos Hernández 0-0: Ball
1-0: Foul Ball, location: 2F
1-1: Foul Ball, location: 2F
1-2: Ground out 6-3 (Groundball, 6, EV 87.5 MPH)
Batting: LHB Jonathan Winston 0-0: Fly out, F7 (Flyball, 78M, EV 75.6 MPH)
Batting: LHB Ben Bullock 0-0: Ball
1-0: Foul Ball, location: 2F
1-1: Ball
2-1: SINGLE (Line Drive, 34, EV 96.2 MPH)
Batting: RHB Tony Calhoun 0-0: Foul Ball, location: 2F
0-1: SINGLE (Groundball, 6MD, EV 103.1 MPH)
Ben Bullock to second
Runner from 2nd tries for 3rd, SAFE, no throw by CF
Batting: RHB Silverberry Mouhon 0-0: Ball
1-0: Called Strike
1-1: Ball
2-1: SINGLE (Groundball, 4MD, EV 104.4 MPH)
Ben Bullock scores
Tony Calhoun to second
Runner from 2nd tries for 3rd, SAFE, throw by CF made to third
Batting: RHB Maema Njongmeta 0-0: Called Strike
0-1: Called Strike
0-2: Ball
1-2: Foul Ball, location: 2F
1-2: Strikes out swinging
Top of the 5th over - 1 run, 3 hits, 0 errors, 2 left on base; Echo Park 1 - Montana 0
BOTTOM OF THE 5TH
Montana Pandas batting - Pitching for Echo Park Lakers : RHP Karl Dandleton
Batting: SHB Chris Piña 0-0: Foul Ball, location: 2F
0-1: Foul Ball, location: 2F
0-2: Ball
1-2: Fly out, F8 (Flyball, 8LS, EV 93.1 MPH)
Batting: LHB António Casas 0-0: Called Strike
0-1: Ball
1-1: Ground out 6-3 (Groundball, 6, EV 85.6 MPH)
Batting: RHB José Santos 0-0: Foul Ball, location: 2F
0-1: Ball
1-1: Swinging Strike
1-2: SINGLE (Groundball, 5L, EV 104.4 MPH)
Batting: SHB Gerrie Bond 0-0: Fly out, F4 (Line Drive, 4, EV 67.5 MPH)
Bottom of the 5th over - 0 runs, 1 hit, 0 errors, 1 left on base; Echo Park 1 - Montana 0
TOP OF THE 6TH
Echo Park Lakers batting - Pitching for Montana Pandas : LHP Pavle Simic
Pitching: RHP Miguel Rodríguez
Batting: LHB Philip Todd 0-0: Fly out, F3 (Popup, 3, EV 62.5 MPH)
Batting: RHB Joe Mueller 0-0: Fly out, F8 (Flyball, 8RXD, EV 91.2 MPH)
Batting: LHB Joe Schreibvogel 0-0: Ball
1-0: Fly out, F8 (Flyball, 8RM, EV 91.2 MPH)
Top of the 6th over - 0 runs, 0 hits, 0 errors, 0 left on base; Echo Park 1 - Montana 0
BOTTOM OF THE 6TH
Montana Pandas batting - Pitching for Echo Park Lakers : RHP Karl Dandleton
Batting: RHB Holden Ford 0-0: Called Strike
0-1: Ball
1-1: Ball
2-1: Ground out 5-3 (Groundball, 56, EV 107.5 MPH)
Batting: LHB Dean Jackson 0-0: Ball
1-0: Ground out 4-3 (Groundball, 4, EV 85.0 MPH)
Batting: LHB Bharti Mona 0-0: Called Strike
0-1: Ball
1-1: SINGLE (Flyball, 89M, EV 91.9 MPH)
Batting: RHB Tony Randolph 0-0: Called Strike
Bharti Mona steals 2nd base
0-1: Foul Ball, location: 2F
0-2: Ball
1-2: Ball
Passed Ball!
Bharti Mona to third
2-2: Ball
3-2: Base on Balls
Batting: LHB Robbie Brendle 0-0: Ground out 4-3 (Groundball, 4, EV 93.8 MPH)
Bottom of the 6th over - 0 runs, 1 hit, 0 errors, 2 left on base; Echo Park 1 - Montana 0
TOP OF THE 7TH
Echo Park Lakers batting - Pitching for Montana Pandas : RHP Miguel Rodríguez
Pitching: RHP Kenji Aoki
Batting: RHB Carlos Hernández 0-0: Ball
1-0: DOUBLE (Flyball, 78XD, EV 115.0 MPH)
Batting: LHB Jonathan Winston 0-0: Called Strike
0-1: Ball
1-1: Foul Ball, location: 2F
1-2: Strikes out looking
Batting: LHB Ben Bullock 0-0: Called Strike
0-1: Swinging Strike
0-2: Foul Ball, location: 2F
0-2: Ball
1-2: Strikes out swinging
Batting: RHB Tony Calhoun 0-0: SINGLE (Line Drive, 9S, EV 106.9 MPH)
Carlos Hernández to third
Batting: RHB Silverberry Mouhon 0-0: Ball
1-0: Foul Ball, location: 2F
1-1: Foul Ball, location: 2F
1-2: SINGLE (Groundball, 6D, EV 97.5 MPH)
Carlos Hernández scores
Tony Calhoun to second
Batting: RHB Maema Njongmeta 0-0: Ball
1-0: Called Strike
1-1: Foul Ball, location: 2F
1-2: Ball
2-2: SINGLE (Line Drive, 8RS, EV 100.0 MPH)
Tony Calhoun to third
Silverberry Mouhon to second
Runner from 3rd tries for Home, SAFE, no throw by CF
Batting: LHB Philip Todd 0-0: Swinging Strike
0-1: Swinging Strike
0-2: Strikes out swinging
Top of the 7th over - 2 runs, 4 hits, 0 errors, 2 left on base; Echo Park 3 - Montana 0
BOTTOM OF THE 7TH
Montana Pandas batting - Pitching for Echo Park Lakers : RHP Karl Dandleton
Batting: SHB Chris Piña 0-0: Ball
1-0: Called Strike
1-1: Ball
2-1: Swinging Strike
2-2: Ground out 4-3 (Groundball, 4, EV 86.2 MPH)
Batting: LHB António Casas 0-0: Ground out 6-3 (Groundball, 6, EV 79.4 MPH)
Batting: RHB José Santos 0-0: Called Strike
0-1: Ball
1-1: SOLO HOME RUN (Flyball, 78XD, EV 105.0 MPH), Distance : 396 ft
Batting: SHB Gerrie Bond 0-0: Ball
1-0: Ground out 5-3 (Groundball, 56, EV 85.6 MPH)
Bottom of the 7th over - 1 run, 1 hit, 0 errors, 0 left on base; Echo Park 3 - Montana 1
TOP OF THE 8TH
Echo Park Lakers batting - Pitching for Montana Pandas : RHP Kenji Aoki
Batting: RHB Joe Mueller 0-0: Ground out 6-3 (Groundball, 6, EV 108.8 MPH)
Batting: LHB Joe Schreibvogel 0-0: Foul Ball, location: 2F
0-1: Foul Ball, location: 2F
0-2: Fly out, F9 (Flyball, 9, EV 80.0 MPH)
Batting: RHB Carlos Hernández 0-0: Ball
1-0: Ball
2-0: Ball
3-0: Foul Ball, location: 2F
3-1: SINGLE (Groundball, 6MD, EV 105.0 MPH)
Pitching: RHP Jim Sison
Batting: LHB Jonathan Winston 0-0: Called Strike
0-1: Swinging Strike
0-2: Ball
Carlos Hernández is caught stealing 2nd base 2-6
Top of the 8th over - 0 runs, 1 hit, 0 errors, 0 left on base; Echo Park 3 - Montana 1
BOTTOM OF THE 8TH
Montana Pandas batting - Pitching for Echo Park Lakers : RHP Karl Dandleton
Pitching: LHP Onson Sweemey
Batting: RHB Holden Ford 0-0: Foul Ball, location: 2F
0-1: Foul Ball, location: 2F
0-2: Ground out 4-3 (Groundball, 4M, EV 103.8 MPH)
Batting: LHB Dean Jackson 0-0: Ball
1-0: Swinging Strike
1-1: Foul Ball, location: 2F
1-2: Foul Ball, location: 2F
1-2: Ball
2-2: Ball
3-2: SINGLE (Line Drive, 4D, EV 96.9 MPH)
Batting: LHB Bharti Mona 0-0: Fielders Choice at 2nd, 6-4 (Groundball, 6M, EV 83.1 MPH)
Batting: RHB Tony Randolph 0-0: Ball
1-0: Fly out, F8 (Line Drive, 8LM, EV 109.4 MPH)
Bottom of the 8th over - 0 runs, 1 hit, 0 errors, 1 left on base; Echo Park 3 - Montana 1
TOP OF THE 9TH
Echo Park Lakers batting - Pitching for Montana Pandas : RHP Jim Sison
Batting: LHB Jonathan Winston 0-0: Ground out U3 (Groundball, 3, EV 87.5 MPH)
Batting: LHB Ben Bullock 0-0: Ball
1-0: Called Strike
1-1: Swinging Strike
1-2: DOUBLE (Flyball, 78XD, EV 109.4 MPH)
Batting: RHB Tony Calhoun 0-0: SINGLE (Groundball, 6MD, EV 104.4 MPH)
Ben Bullock to third
Runner from 3rd tries for Home, SAFE, throw by CF to home
Tony Calhoun to second
Batting: RHB Silverberry Mouhon 0-0: Called Strike
Tony Calhoun steals 3rd base
0-1: Ball
1-1: Ball
2-1: Called Strike
2-2: Strikes out swinging
Batting: RHB Maema Njongmeta 0-0: Called Strike
0-1: SINGLE (Groundball, 5S, EV 81.9 MPH) (infield hit)
Tony Calhoun scores
Batting: LHB Philip Todd Pickoff Throw to First - Out! 1-3
Top of the 9th over - 2 runs, 3 hits, 0 errors, 0 left on base; Echo Park 5 - Montana 1
BOTTOM OF THE 9TH
Montana Pandas batting - Pitching for Echo Park Lakers : LHP Onson Sweemey
Batting: LHB Robbie Brendle 0-0: Swinging Strike
0-1: Called Strike
0-2: Ball
1-2: Foul Ball, location: 2F
1-2: Ball
2-2: Ball
3-2: Foul Ball, location: 2F
3-2: Foul Ball, location: 2F
3-2: Strikes out swinging
Batting: SHB Chris Piña 0-0: Called Strike
0-1: Ball
1-1: SINGLE (Groundball, 56D, EV 105.0 MPH)
Batting: LHB António Casas 0-0: Foul Ball, location: 2F
0-1: Ball
1-1: Swinging Strike
1-2: Ball
2-2: Fielders Choice at 2nd, 4-6 (Groundball, 4S, EV 82.5 MPH)
Batting: RHB José Santos 0-0: Called Strike
0-1: Ball
1-1: Called Strike
1-2: Strikes out swinging
Bottom of the 9th over - 0 runs, 1 hit, 0 errors, 1 left on base; Echo Park 5 - Montana 1
Friday, March 26th, 2021 - OOTP Baseball 20.8 Build 74